 Dungeon Crawl Stone Soup version 0.22-a0-553-g9358b0b (webtiles) character file.

68 iamserjio the Shield-Bearer (level 4, 0/28 HPs)
             Began as a Gargoyle Fighter on June 25, 2018.
             Slain by a gnoll
             ... wielding a +0 spear
              (3 damage)
             ... on level 3 of the Dungeon.
             The game lasted 00:02:51 (418 turns).

iamserjio the Shield-Bearer (Gargoyle Fighter)       Turns: 418, Time: 00:02:52

Health: 0/28       AC: 12    Str: 20    XL:     4   Next: 19%
Magic:  4/4        EV:  5    Int:  8    God:
Gold:   31         SH:  9    Dex: 10    Spells: 3/3 levels left

rFire    . . .     SeeInvis .   a - +0 war axe
rCold    . . .     Gourm    .   c - +0 shield
rNeg     + . .     Faith    .   h - +0 chain mail
rPois    ∞         Spirit   .   (no helmet)
rElec    +         Reflect  .   (no cloak)
rCorr    .         Harm     .   (no gloves)
MR       .....                  (no boots)
Stlth    ..........             (no amulet)
HPRegen  0.09/turn              (no ring)
MPRegen  0.09/turn              (no ring)

@: no status effects
A: negative energy resistance 1, electricity resistance, unbreathing,
petrification resistance, rot immunity, AC +3
a: no special abilities


You were on level 3 of the Dungeon.
You were not hungry.

You visited 1 branch of the dungeon, and saw 3 of its levels.

You collected 31 gold pieces.

Inventory:

Hand Weapons
 a - a +0 war axe (weapon)
Armour
 b - a +0 scale mail
 c - a +0 shield (worn)
 h - a +0 chain mail (worn)
Scrolls
 e - a scroll of identify {unknown}
 g - 2 scrolls of remove curse {unknown}
 i - a scroll of teleportation {unknown}
 j - a scroll of magic mapping {unknown}
 k - a scroll of fear {unknown}
Potions
 d - a potion of might
Comestibles
 f - a ration


   Skills:
 - Level 3.2 Fighting
 * Level 3.3 Axes
 - Level 3.2 Armour
 + Level 4.1 Shields


You had 3 spell levels left.
You didn't know any spells.
Your spell library was empty.

Dungeon Overview and Level Annotations

Branches:
Dungeon (3/15)

Altars:


Innate Abilities, Weirdness & Mutations

You are resistant to torment.
Your stone body is resilient. (AC +3)
You are immune to poison.
You resist negative energy. (rN+)
You are resistant to electric shocks. (rElec)
You can survive without breathing.
You are immune to petrification.
You are immune to rotting.


Message History

The gnoll hits you but does no damage. You block the gnoll's attack.
Your shield and chain mail prevent you from hitting the gnoll.
The gnoll is almost dead.
You hit the gnoll. The gnoll hits you but does no damage.
You block the gnoll's attack. The gnoll hits you but does no damage.
You slash the gnoll!
You kill the gnoll!
Your Shields skill increases to level 4!
You have reached level 4!
You feel stronger.
You closely miss the gnoll. The gnoll hits you but does no damage.
You block the gnoll's attack.
A gnoll comes into view. It is wielding a flail of crushing.
The gnoll hits you but does no damage. The gnoll hits you with a flail!
* * * LOW HITPOINT WARNING * * *
You hit the gnoll.
You kill the gnoll!
You block the gnoll's attack. The gnoll hits you with a spear.
You die...

#.# #.# ...
#.##..# ......
# #.#..#
#.###.#..# #
#..g).#..##.#.#
#>.g@..........
#.#.........#
#####.#####.#
#...........#
#.#######...#
#.# #.. ...#
#.# #.# #..#
#.# #.# #..#
#.# #.# #..#


You could see 2 gnolls.

Vanquished Creatures
  3 gnolls
  2 adders (D:2)
  A worm (D:3)
  A dart slug (D:2)
  A leopard gecko (D:1)
  A ball python (D:1)
  A bat (D:1)
  2 goblins (D:1)
  A hobgoblin (D:3)
  5 kobolds
  2 rats
20 creatures vanquished.

Notes
Turn   | Place    | Note
-------+----------+-------------------------------------------
     0 | D:1      | iamserjio the Gargoyle Fighter began the quest for the Orb.
     0 | D:1      | Reached XP level 1. HP: 14/14 MP: 1/1
    74 | D:1      | Reached XP level 2. HP: 6/19 MP: 2/2
   211 | D:2      | Reached XP level 3. HP: 5/23 MP: 3/3
   416 | D:3      | Reached skill level 4 in Shields
   416 | D:3      | Reached XP level 4. HP: 12/28 MP: 4/4
   418 | D:3      | Slain by a gnoll

Vault maps used:
D:1:      dpeg_arrival_renting
D:2:      lemuel_crystal_altar, minmay_guardbox, uniq_crazy_yiuf_cottage,
          uniq_robin
D:3:      first_ration

Skill      XL: |  1  2  3 |
---------------+----------+-----
Axes           | 2 3 |  3.3
Shields        | 4 |  4.1
Fighting       | |  3.2
Armour         | |  3.2

Action                   |  1- 3 |  4- 6 || total
-------------------------+-------+-------++-------
Melee: War axe           |    64 |     1 ||    65
Armor: Scale mail        |     9 |       ||     9
       Chain mail        |    19 |     2 ||    21
Dodge: Dodged            |    19 |       ||    19
Block: Shield            |    28 |     2 ||    30

Table legend:
 A = Spawn XP
 B = Non-spawn XP
 C = Spawn XP percentage of total XP
 D = Spawn monster count
 E = Non-spawn monster count
 F = Spawn count percentage of total count
 G = Total turns spent on level
                    A         B        C        D         E        F      G
               +---------+---------+-------+---------+---------+-------+---------
         Total |       0 |      98 |   0.0 |       0 |      20 |   0.0 |   418
               +---------+---------+-------+---------+---------+-------+---------
           D:1 |       0 |      29 |   0.0 |       0 |      10 |   0.0 |   141
           D:2 |       0 |      33 |   0.0 |       0 |       5 |   0.0 |   129
           D:3 |       0 |      36 |   0.0 |       0 |       5 |   0.0 |   148
               +---------+---------+-------+---------+---------+-------+---------
